[Event "ICCopen2016"]
[Site "Internet Chess Club"]
[Date "2016.06.04"]
[Round "11"]
[White "Biscuetz"]
[Black "jbrongkos"]
[Result "0-1"]
[ICCResult "White resigns"]
[WhiteElo "1588"]
[BlackElo "1819"]
[Opening "Benko's opening"]
[ECO "A00"]
[NIC "VO.09"]
[Time "15:54:37"]
[TimeControl "180+0"]

1. g3 c6 2. Bg2 d5 3. Nf3 e6 4. O-O f5 5. d3 Bd6 6. c4 Nf6 7. cxd5 exd5 8.
Nc3 O-O 9. Bg5 Nbd7 10. e4 fxe4 11. dxe4 h6 12. Bxf6 Qxf6 13. exd5 Bc7 14.
dxc6 bxc6 15. Re1 Nc5 16. Rc1 Bg4 17. Nd5 cxd5 18. Qxd5+ Kh8 19. Rxc5 Bb6
20. Ne5 Qxf2+ {White resigns} 0-1

[Event "ICCopen2016"]
[Site "Internet Chess Club"]
[Date "2016.06.04"]
[Round "11"]
[White "MorningRunner"]
[Black "ALexiz"]
[Result "1-0"]
[ICCResult "Black resigns"]
[WhiteElo "2144"]
[BlackElo "1811"]
[Opening "Sicilian defense"]
[ECO "B20"]
[NIC "SI.48"]
[Time "15:55:05"]
[TimeControl "180+0"]

1. e4 c5 2. Bc4 e6 3. f4 d5 4. exd5 exd5 5. Bb5+ Bd7 6. Bxd7+ Qxd7 7. Ne2
Nf6 8. d4 Bd6 9. O-O O-O 10. Nbc3 c4 11. f5 a6 12. Bg5 Be7 13. Qe1 h6 14.
Bh4 Nc6 15. Qg3 Kh7 16. Rae1 Rae8 17. Qf3 Bd8 18. g4 Ne4 19. Bf2 Nxf2 20.
Rxf2 Bb6 21. Qxd5 Qxd5 22. Nxd5 Nxd4 23. Nxb6 Re5 24. Nxc4 Re7 25. c3 Nxe2+
26. Rfxe2 {Black resigns} 1-0

[Event "ICCopen2016"]
[Site "Internet Chess Club"]
[Date "2016.06.04"]
[Round "11"]
[White "Mormegil"]
[Black "fviana"]
[Result "1-0"]
[ICCResult "Black resigns"]
[WhiteElo "1705"]
[BlackElo "2098"]
[Opening "English: symmetrical, four knights system"]
[ECO "A30"]
[NIC "QP.10"]
[Time "15:55:07"]
[TimeControl "180+0"]

1. Nf3 c5 2. c4 Nc6 3. Nc3 Nf6 4. d3 d5 5. cxd5 Nxd5 6. g3 g6 7. Bg2 Bg7 8.
Nxd5 Qxd5 9. a3 O-O 10. Qc2 b6 11. O-O Bb7 12. Bd2 Rac8 13. Bc3 Rfd8 14.
Bxg7 Kxg7 15. Qc3+ Nd4 16. e3 e5 17. exd4 exd4 18. Qd2 Re8 19. Nh4
{Black resigns}
1-0

[Event "ICCopen2016"]
[Site "Internet Chess Club"]
[Date "2016.06.04"]
[Round "11"]
[White "takes-takes"]
[Black "toguho"]
[Result "1-0"]
[ICCResult "Black checkmated"]
[WhiteElo "868"]
[BlackElo "1491"]
[Opening "KGA: Cunningham defense"]
[ECO "C35"]
[NIC "KG.02"]
[Time "15:54:02"]
[TimeControl "180+0"]

1. e4 e5 2. f4 exf4 3. Nf3 Be7 4. Bc4 Bh4+ 5. Kf1 d5 6. Bxd5 c6 7. Bb3 Bg4
8. d4 g5 9. e5 c5 10. c3 Nc6 11. Bxf7+ Kf8 12. Bxg8 Rxg8 13. Qb3 Bxf3 14.
gxf3 cxd4 15. Qxb7 Nxe5 16. Nd2 dxc3 17. bxc3 Qd3+ 18. Kg1 Qe2 19. Ba3+ Ke8
20. Qe7# {Black checkmated} 1-0

[Event "ICCopen2016"]
[Site "Internet Chess Club"]
[Date "2016.06.04"]
[Round "11"]
[White "YoureFired"]
[Black "MrGioMu"]
[Result "1-0"]
[ICCResult "Black resigns"]
[WhiteElo "1873"]
[BlackElo "1838"]
[Opening "Robatsch (modern) defense"]
[ECO "B06"]
[NIC "KF.06"]
[Time "15:54:17"]
[TimeControl "180+0"]

1. e4 g6 2. Nc3 Bg7 3. f4 c5 4. Nf3 e6 5. Bc4 Ne7 6. f5 d5 7. fxe6 fxe6 8.
Bb3 O-O 9. d3 h6 10. O-O Kh7 11. Qe1 d4 12. Ne2 Nec6 13. Qg3 e5 14. Bg5 Qd6
15. Qh4 Na5 16. Be7 Qc7 17. Ng5+ Kh8 18. Bxf8 Bxf8 19. Rxf8+ Kg7 20. Rf7+
{Black resigns}
1-0

[Event "ICCopen2016"]
[Site "Internet Chess Club"]
[Date "2016.06.04"]
[Round "11"]
[White "pagoda"]
[Black "Badigo"]
[Result "0-1"]
[ICCResult "White resigns"]
[WhiteElo "1904"]
[BlackElo "2167"]
[Opening "Dunst (Sleipner, Heinrichsen) opening"]
[ECO "A00"]
[NIC "VO.15"]
[Time "15:54:46"]
[TimeControl "180+0"]

1. Nc3 d5 2. e4 d4 3. Nce2 d3 4. cxd3 c5 5. Ng3 Nc6 6. Nf3 Bg4 7. h3 Bxf3 8.
Qxf3 g6 9. d4 Nxd4 10. Qd1 a6 11. a4 Bg7 12. Bc4 e6 13. O-O Ne7 14. d3 Nec6
15. Bd2 h5 16. a5 h4 17. Ne2 Qc7 18. Nxd4 Bxd4 19. Bc3 O-O-O 20. Qa4 g5 21.
Rfc1 Kb8 22. Ra3 g4 23. hxg4 h3 24. Bxd4 Nxd4 25. g3 Ne2+ 26. Kh2 Nxc1
{White resigns}
0-1

[Event "ICCopen2016"]
[Site "Internet Chess Club"]
[Date "2016.06.04"]
[Round "11"]
[White "kingsac"]
[Black "EEJ"]
[Result "1-0"]
[ICCResult "Black checkmated"]
[WhiteElo "1791"]
[BlackElo "1710"]
[Opening "Sicilian: closed"]
[ECO "B23"]
[NIC "SI.44"]
[Time "15:54:04"]
[TimeControl "180+0"]

1. e4 c5 2. Nc3 d6 3. f4 Nc6 4. Bb5 Bd7 5. Nf3 Qb6 6. O-O a6 7. Bxc6 Bxc6 8.
d3 g6 9. Qe1 Bg7 10. Qh4 Nf6 11. Kh1 O-O 12. f5 c4 13. fxg6 fxg6 14. Ng5 h6
15. Ne6 Rf7 16. Nxg7 Rxg7 17. Qxh6 Rf8 18. Rb1 Qd4 19. Be3 cxd3 20. Bxd4
dxc2 21. Rbc1 Rff7 22. Rxc2 Ng4 23. Qc1 e5 24. Rxf7 exd4 25. Rxg7+ Kxg7 26.
Nd5 d3 27. Rd2 Bb5 28. h3 Ne3 29. Qc7+ Kh6 30. Nxe3 d5 31. exd5 Bc4 32. Qxc4
b5 33. Qf4+ Kh7 34. d6 b4 35. d7 b3 36. axb3 a5 37. d8=Q a4 38. Qdh4+ Kg7
39. Qff6+ Kg8 40. Qhh8# {Black checkmated} 1-0

[Event "ICCopen2016"]
[Site "Internet Chess Club"]
[Date "2016.06.04"]
[Round "11"]
[White "Deverill"]
[Black "ebochess"]
[Result "0-1"]
[ICCResult "White resigns"]
[WhiteElo "1247"]
[BlackElo "1437"]
[Opening "Caro-Kann: Bronstein-Larsen variation"]
[ECO "B16"]
[NIC "CK.07"]
[Time "15:54:18"]
[TimeControl "180+0"]

1. e4 c6 2. d4 d5 3. Nc3 dxe4 4. Nxe4 Nf6 5. Nxf6+ gxf6 6. Bc4 Bf5 7. Ne2 e6
8. Ng3 Bg6 9. h4 h5 10. Bf4 Bd6 11. Qd2 Qc7 12. Bxd6 Qxd6 13. O-O-O Nd7 14.
Rhe1 O-O-O 15. Ne4 Qc7 16. g3 Ne5 17. Be2 Bxe4 18. f3 Nxf3 19. Bxf3 Bxf3 20.
Rg1 Bxd1 21. Qxd1 Qd6 22. c3 e5 23. dxe5 Qxd1+ 24. Rxd1 Rxd1+ 25. Kxd1 fxe5
26. Ke2 f5 27. Kf3 Rd8 28. Ke3 Kc7 29. b3 Kd6 30. c4 Kc5 31. a3 a5
{White resigns}
0-1

[Event "ICCopen2016"]
[Site "Internet Chess Club"]
[Date "2016.06.04"]
[Round "11"]
[White "akibael"]
[Black "kaimann"]
[Result "1-0"]
[ICCResult "Black checkmated"]
[WhiteElo "2246"]
[BlackElo "2015"]
[Opening "Old Indian: Tartakower (Wade) variation"]
[ECO "A04"]
[NIC "QP.11"]
[Time "15:56:39"]
[TimeControl "180+0"]

1. Nf3 d6 2. d4 Bg4 3. Nc3 Nd7 4. e4 e5 5. dxe5 dxe5 6. Be2 Ngf6 7. Be3 Be7
8. Qd2 c6 9. O-O-O Qc7 10. h3 Bh5 11. Nh4 Bxe2 12. Qxe2 Nxe4 13. Nxe4 Bxh4
14. Nd6+ Kf8 15. Qh5 Be7 16. Qxf7# {Black checkmated} 1-0

[Event "ICCopen2016"]
[Site "Internet Chess Club"]
[Date "2016.06.04"]
[Round "11"]
[White "chaozz"]
[Black "eltigrecu"]
[Result "1-0"]
[ICCResult "Black resigns"]
[WhiteElo "2984"]
[BlackElo "2115"]
[Opening "Sicilian defense"]
[ECO "B30"]
[NIC "SI.31"]
[Time "15:53:45"]
[TimeControl "180+0"]

1. e4 c5 2. Nf3 Nc6 3. Nc3 e5 4. Bc4 d6 5. d3 Be7 6. Nd2 Nf6 7. Nf1 Bg4 8.
f3 Bh5 9. Ne3 O-O 10. g4 Bg6 11. h4 h5 12. g5 Nd7 13. Ncd5 Nb6 14. f4 exf4
15. Nxf4 Ne5 16. Bb3 Bxg5 17. hxg5 Qxg5 18. Qe2 Qxf4 19. Nf5 Qf3 20. Qxf3
Nxf3+ 21. Kf2 Bxf5 22. exf5 Nd4 23. Rxh5 Nxb3 24. axb3 g6 25. Rh2 Kg7 26.
Bh6+ Kf6 27. Bxf8 Rxf8 28. fxg6 fxg6 29. Rf1 Ke5+ 30. Ke1 Rxf1+ 31. Kxf1 Nd5
32. Ke2 g5 33. Rh7 b5 34. Rxa7 b4 35. Kf3 Kf5 36. Rf7+ Ke6 37. Rf8 g4+ 38.
Kf2 Ke7 39. Rg8 Nf6 40. Rg5 Ke6 41. Kg3 d5 42. Kf4 c4 43. dxc4 dxc4 44. bxc4
g3 45. Rxg3 Nh5+ 46. Kf3 Nxg3 47. Kxg3 Ke5 48. Kf3 Kd4 49. b3 Kc3 50. c5
Kxc2 51. c6 Kxb3 52. c7 Ka2 53. c8=Q b3 54. Qa6+ Kb1 55. Ke2 b2 56. Qd3+ Ka1
57. Qa3+ Kb1 58. Kd3 Kc1 59. Kc3 {Black resigns} 1-0

[Event "ICCopen2016"]
[Site "Internet Chess Club"]
[Date "2016.06.04"]
[Round "11"]
[White "jc-arias"]
[Black "EeEk"]
[Result "0-1"]
[ICCResult "White resigns"]
[WhiteElo "2122"]
[BlackElo "1905"]
[Opening "Queen's pawn game"]
[ECO "D05"]
[NIC "QO.17"]
[Time "15:54:13"]
[TimeControl "180+0"]

1. d4 e6 2. Nf3 d5 3. e3 Nf6 4. Bd3 Nbd7 5. O-O Bd6 6. b3 O-O 7. Bb2 Ne4 8.
c4 c6 9. Ba3 Bxa3 10. Nxa3 f5 11. Nc2 Qf6 12. Nd2 e5 13. cxd5 cxd5 14. dxe5
Nxe5 15. Be2 Nc3 16. Qe1 f4 17. exf4 Qxf4 18. g3 Nxe2+ 19. Qxe2 Qxd2 20.
Qxd2 Nf3+ 21. Kg2 Nxd2 22. Rfd1 Ne4 23. Rxd5 Rxf2+ 24. Kg1 Bh3 25. Ne3 Re2
26. Nc4 Rg2+ {White resigns} 0-1

[Event "ICCopen2016"]
[Site "Internet Chess Club"]
[Date "2016.06.04"]
[Round "11"]
[White "JavaChessMan"]
[Black "klodshans"]
[Result "1-0"]
[ICCResult "Black resigns"]
[WhiteElo "1863"]
[BlackElo "1615"]
[Opening "French: Winawer, advance, Smyslov variation"]
[ECO "C19"]
[NIC "FR.11"]
[Time "15:53:41"]
[TimeControl "180+0"]

1. e4 e6 2. d4 d5 3. Nc3 Bb4 4. e5 c5 5. a3 Bxc3+ 6. bxc3 Ne7 7. a4 Nd7 8.
Nf3 a5 9. Bb5 b6 10. O-O Ba6 11. Rb1 Bxb5 12. Rxb5 Nc6 13. Ba3 Na7 14. Rb2
Qc7 15. Qe2 O-O 16. Rfb1 Rfb8 17. Qa6 Nc8 18. Qb5 cxd4 19. cxd4 Na7 20. Qd3
f6 21. Bd6 Qc4 22. Qxc4 dxc4 23. Bxb8 Rxb8 24. exf6 gxf6 25. c3 e5 26. dxe5
fxe5 27. Nd2 Rc8 28. Ne4 Nc6 29. Rd1 Nf8 30. Rxb6 Rd8 31. Rxd8 Nxd8 32. Ra6
Nfe6 33. Rxa5 Nf7 34. Ra8+ Kg7 35. Rc8 Nf4 36. Rxc4 Kg6 37. a5 Kf5 38. a6
Ne2+ 39. Kf1 Ke6 40. a7 {Black resigns} 1-0

[Event "ICCopen2016"]
[Site "Internet Chess Club"]
[Date "2016.06.04"]
[Round "11"]
[White "Dan83"]
[Black "Parsifal"]
[Result "0-1"]
[ICCResult "White resigns"]
[WhiteElo "1986"]
[BlackElo "2338"]
[Opening "Benkö gambit"]
[ECO "A57"]
[NIC "BI.46"]
[Time "15:54:24"]
[TimeControl "180+0"]

1. d4 Nf6 2. c4 c5 3. d5 b5 4. Nf3 b4 5. Bg5 Ne4 6. Bf4 d6 7. Nbd2 Nxd2 8.
Qxd2 e5 9. dxe6 Bxe6 10. e4 Nc6 11. O-O-O Qa5 12. Kb1 f6 13. Bxd6 O-O-O 14.
Qf4 Rxd6 15. Rxd6 Qc7 16. Rxc6 Qxc6 17. Be2 Bd6 18. Qe3 Re8 19. Rd1 Qc7 20.
Bd3 Bf4 21. Qe2 Bf7 22. Qc2 Kb8 23. Nh4 g6 24. g3 Bd6 25. f4 Bf8 26. Nf3 a5
27. Qa4 Rd8 28. Qb5+ Ka7 29. e5 Be8 {White resigns} 0-1

[Event "ICCopen2016"]
[Site "Internet Chess Club"]
[Date "2016.06.04"]
[Round "11"]
[White "marjose"]
[Black "mikado"]
[Result "0-1"]
[ICCResult "White resigns"]
[WhiteElo "1758"]
[BlackElo "1987"]
[Opening "Sicilian: Nimzovich-Rossolimo attack (without ...d6)"]
[ECO "B30"]
[NIC "SI.31"]
[Time "15:54:11"]
[TimeControl "180+0"]

1. e4 c5 2. Nf3 Nc6 3. Bb5 d6 4. d4 cxd4 5. Nxd4 Bd7 6. Be3 Nf6 7. Nc3 e6 8.
Qd2 Be7 9. O-O-O a6 10. Bd3 Ng4 11. f4 Nxe3 12. Qxe3 Qb6 13. Nf5 Qxe3+ 14.
Nxe3 O-O 15. f5 Ne5 16. Be2 Bg5 17. fxe6 Bxe3+ 18. Kb1 Bxe6 19. Rxd6 Rfd8
20. Rhd1 Rxd6 21. Rxd6 Kf8 22. Nd5 Bxd5 23. exd5 Ke7 {White resigns} 0-1

[Event "ICCopen2016"]
[Site "Internet Chess Club"]
[Date "2016.06.04"]
[Round "11"]
[White "UAE2002"]
[Black "BitsofKoin"]
[Result "0-1"]
[ICCResult "White checkmated"]
[WhiteElo "2002"]
[BlackElo "2350"]
[Opening "Queen's pawn game, Krause variation"]
[ECO "D02"]
[NIC "QP.08"]
[Time "15:54:33"]
[TimeControl "180+0"]

1. d4 d5 2. Nf3 c5 3. Bg5 Nc6 4. e3 f6 5. Bh4 cxd4 6. exd4 Bg4 7. c3 Qb6 8.
b3 e5 9. dxe5 Nxe5 10. Be2 Bxf3 11. Bxf3 Rd8 12. O-O Ne7 13. Bg3 N7g6 14.
Re1 Bc5 15. h4 O-O 16. h5 Nxf3+ 17. Qxf3 Ne5 18. Qe2 d4 19. cxd4 Bxd4 20.
Na3 Nd3 21. Nc4 Qc5 22. Qe6+ Kh8 23. Bd6 Bxf2+ 24. Kf1 Rxd6 25. Nxd6 Bxe1
26. Rxe1 Qf2# {White checkmated} 0-1

[Event "ICCopen2016"]
[Site "Internet Chess Club"]
[Date "2016.06.04"]
[Round "11"]
[White "ELVIS71"]
[Black "JUGGERNOT"]
[Result "1-0"]
[ICCResult "Black checkmated"]
[WhiteElo "1709"]
[BlackElo "1770"]
[Opening "Scandinavian (center counter) defense"]
[ECO "B01"]
[NIC "VO.17"]
[Time "15:55:04"]
[TimeControl "180+0"]

1. e4 d5 2. Nc3 d4 3. Nce2 e5 4. d3 f6 5. g3 c5 6. Bg2 Nc6 7. h3 Be6 8. f4
exf4 9. Nxf4 Bf7 10. Nge2 g5 11. Nd5 Qd6 12. a4 h5 13. c4 dxc3 14. Nexc3 Ne5
15. O-O Bg7 16. Nb5 Bxd5 17. Nxd6+ Kd7 18. exd5 Kxd6 19. d4 cxd4 20. Qxd4
Ne7 21. b3 Rhg8 22. Ba3+ Kd7 23. Bxe7 Kxe7 24. Qc5+ Kd7 25. Qb5+ Kd6 26.
Rac1 b6 27. Rc6+ Nxc6 28. Qxc6+ Ke5 29. Re1+ Kd4 30. Qc4# {Black checkmated}
1-0

[Event "ICCopen2016"]
[Site "Internet Chess Club"]
[Date "2016.06.04"]
[Round "11"]
[White "Art"]
[Black "HuevosDeLeon"]
[Result "0-1"]
[ICCResult "White checkmated"]
[WhiteElo "2200"]
[BlackElo "2644"]
[Opening "Alekhine's defense: two pawns' (Lasker's) attack"]
[ECO "B02"]
[NIC "AL.10"]
[Time "15:54:57"]
[TimeControl "180+0"]

1. e4 Nf6 2. e5 Nd5 3. c4 Nb6 4. c5 Nd5 5. Bc4 e6 6. d4 b6 7. cxb6 axb6 8.
Nf3 Bb7 9. Bxd5 Bxd5 10. Nc3 Bb7 11. O-O Be7 12. d5 O-O 13. Bf4 Ra5 14. d6
cxd6 15. exd6 Bf6 16. Re1 Nc6 17. a3 Qa8 18. Qb3 Rf5 19. Bg3 Na5 20. Qxb6
Nc4 21. Qb4 Bxf3 22. Qxc4 Bxg2 23. Nd1 Bh3 24. Ne3 Rf3 25. Qe2 Bd4 26. Rad1
Rxe3 27. fxe3 Bxe3+ 28. Qxe3 Qg2# {White checkmated} 0-1

[Event "ICCopen2016"]
[Site "Internet Chess Club"]
[Date "2016.06.04"]
[Round "11"]
[White "blackjack721"]
[Black "chapeau"]
[Result "0-1"]
[ICCResult "White checkmated"]
[WhiteElo "1403"]
[BlackElo "1359"]
[Opening "Scandinavian (center counter) defense"]
[ECO "B01"]
[NIC "VO.17"]
[Time "15:54:14"]
[TimeControl "180+0"]

1. e4 d5 2. exd5 e6 3. c4 exd5 4. Nc3 dxc4 5. Bxc4 Nf6 6. d3 Bd6 7. Bg5 O-O
8. Nge2 Bg4 9. Qd2 Bb4 10. a3 Bd6 11. f4 Re8 12. O-O c6 13. Nd4 Bc5 14. Ne2
Bxd4+ 15. Nxd4 Qxd4+ 16. Kh1 Nbd7 17. h3 Bf5 18. g4 Be6 19. f5 Bxc4 20. Bxf6
Nxf6 21. Qb4 Qe3 22. dxc4 Qxh3+ 23. Kg1 Nxg4 24. Qd2 Re3 25. Rf2 Nxf2 26.
Kxf2 Rg3 27. Rg1 Qh2+ 28. Kf1 Rf3+ 29. Ke1 Qxg1+ 30. Ke2 Rf2+ 31. Kd3 Rxd2+
32. Kxd2 Rd8+ 33. Kc3 Qe3+ 34. Kb4 Qb6+ 35. Kc3 a5 36. b4 Qe3+ 37. Kb2 Rd2+
38. Kc1 Qe1# {White checkmated} 0-1

[Event "ICCopen2016"]
[Site "Internet Chess Club"]
[Date "2016.06.04"]
[Round "11"]
[White "Bozhenka"]
[Black "YKQ"]
[Result "1-0"]
[ICCResult "Black resigns"]
[WhiteElo "2936"]
[BlackElo "2590"]
[Opening "QGD: exchange, positional line, 5...c6"]
[ECO "D35"]
[NIC "QO.16"]
[Time "15:53:41"]
[TimeControl "180+0"]

1. d4 Nf6 2. c4 e6 3. Nc3 d5 4. cxd5 exd5 5. Bg5 c6 6. e3 Bf5 7. Qf3 Bg6 8.
Bxf6 Qxf6 9. Qxf6 gxf6 10. Nf3 Nd7 11. Nh4 Be7 12. g3 Nb6 13. Rd1 Nc8 14.
Bd3 Nd6 15. f3 Kd7 16. Kf2 Rae8 17. Rhe1 Rhg8 18. Ne2 a5 19. a4 Bf8 20. g4
h5 21. gxh5 Bxd3 22. Rxd3 Rh8 23. Ng3 Bh6 24. f4 Ne4+ 25. Nxe4 Rxe4 26. Nf5
Bf8 27. Ng3 Re8 28. Rb3 Bb4 29. Re2 b5 30. axb5 cxb5 31. Kf3 Rc8 32. Kg4 Ke6
33. Rd3 f5+ 34. Kf3 a4 35. Rd1 Be7 36. Ra1 Rc4 37. b3 axb3 38. Rb2 Rc3 39.
Ra6+ Kd7 40. Nxf5 Rxh5 41. Ra7+ Ke6 42. Ng7+ Kd6 43. Nxh5 Bf8 44. Ra3 Rc1
45. Raxb3 Kc6 46. Rxb5 Rf1+ 47. Kg2 Re1 48. Rb6+ {Black resigns} 1-0

[Event "ICCopen2016"]
[Site "Internet Chess Club"]
[Date "2016.06.04"]
[Round "11"]
[White "mrneale"]
[Black "bullbuffalo"]
[Result "0-1"]
[ICCResult "White forfeits on time"]
[WhiteElo "1233"]
[BlackElo "1345"]
[Opening "Sicilian: Alapin's variation (2.c3)"]
[ECO "B22"]
[NIC "SI.46"]
[Time "15:54:07"]
[TimeControl "180+0"]

1. e4 c5 2. c3 a6 3. d4 cxd4 4. cxd4 b5 5. Nf3 e6 6. Be2 Be7 7. O-O Qc7 8.
Nc3 Bb7 9. d5 Nf6 10. dxe6 fxe6 11. Bd3 Ng4 12. h3 h5 13. Re1 Nc6 14. e5 d5
15. hxg4 hxg4 16. Nh2 Nxe5 17. Nxg4 Nxg4 18. Qxg4 Qh2+ 19. Kf1 d4 20. Qg6+
Kd7 21. Ne4 Bd5 22. Bd2 Qh1+ 23. Ke2 Qh5+ 24. Qxh5 Rxh5 25. Rh1 Re5 26. f3
g5 27. Kf2 Rf8 28. g4 Bxe4 29. Bxe4 Rxe4 30. Rae1 Ref4 31. Rh3 R4f6
{White forfeits on time}
0-1

[Event "ICCopen2016"]
[Site "Internet Chess Club"]
[Date "2016.06.04"]
[Round "11"]
[White "cstefan"]
[Black "Skeptic1972"]
[Result "0-1"]
[ICCResult "White resigns"]
[WhiteElo "1965"]
[BlackElo "1462"]
[Opening "Sicilian: Velimirovic attack"]
[ECO "B89"]
[NIC "SI.26"]
[Time "15:54:15"]
[TimeControl "180+0"]

1. e4 c5 2. Nf3 d6 3. d4 cxd4 4. Nxd4 Nf6 5. Nc3 Nc6 6. Bc4 e6 7. Be3 Be7 8.
Qe2 Bd7 9. O-O-O Rc8 10. Bb3 O-O 11. g4 Nxd4 12. Bxd4 Qa5 13. Rhg1 b5 14.
Qf3 b4 15. Ne2 Ba4 16. Kb1 Bxb3 17. axb3 Rc6 18. g5 Ra6 19. Kc1 Nd7 20. h4
Rc8 21. c3 Nc5 22. Kc2 Nxb3 23. Nc1 Nxd4+ 24. Rxd4 bxc3 25. b3 Qa3 26. Rgd1
Qb2+ 27. Kd3 c2 28. Re1 Rc3+ 29. Ke2 Rxf3 30. Kxf3 Qxd4 31. Rg1 Qd1+ 32.
Rxd1 cxd1=Q+ 33. Ke3 Qxc1+ {White resigns} 0-1

[Event "ICCopen2016"]
[Site "Internet Chess Club"]
[Date "2016.06.04"]
[Round "11"]
[White "kolding"]
[Black "Speiretti"]
[Result "0-1"]
[ICCResult "White resigns"]
[WhiteElo "1674"]
[BlackElo "1808"]
[Opening "Alekhine's defense: four pawns attack, 7.Be3"]
[ECO "B02"]
[NIC "AL.06"]
[Time "15:54:04"]
[TimeControl "180+0"]

1. e4 Nf6 2. e5 Nd5 3. c4 Nb6 4. d4 d6 5. f4 dxe5 6. fxe5 Nc6 7. Be3 Bf5 8.
Nc3 e6 9. Nf3 Be7 10. Be2 O-O 11. O-O a5 12. a3 a4 13. d5 Na5 14. Bxb6 cxb6
15. Nd4 Bc5 16. Kh1 Bxd4 17. Qxd4 Nb3 18. Qf4 Nxa1 19. Rxa1 Bg6 20. h4 exd5
21. cxd5 Re8 22. Bf3 Ra5 23. Rd1 Qc7 24. Re1 Rc5 25. h5 Rc4 26. Qg3 Bf5 27.
d6 Qc5 28. Nd5 Kh8 29. Ne7 Be6 30. Bxb7 Rg4 31. Qf3 Rh4+ {White resigns} 0-1

[Event "ICCopen2016"]
[Site "Internet Chess Club"]
[Date "2016.06.04"]
[Round "11"]
[White "Bom182"]
[Black "zealous"]
[Result "1-0"]
[ICCResult "Black resigns"]
[WhiteElo "1969"]
[BlackElo "1776"]
[Opening "Nimzo-Indian: Reshevsky variation"]
[ECO "E46"]
[NIC "NI.10"]
[Time "15:53:52"]
[TimeControl "180+0"]

1. d4 Nf6 2. c4 e6 3. Nc3 Bb4 4. e3 O-O 5. Ne2 b6 6. a3 Be7 7. Ng3 Bb7 8. f3
d6 9. e4 e5 10. dxe5 dxe5 11. Bg5 Nbd7 12. Be2 Nc5 13. b4 Ne6 14. Be3 c5 15.
b5 Nd4 16. Bxd4 cxd4 17. Nd5 Nxd5 18. cxd5 Bc5 19. Bd3 Qg5 20. O-O Bc8 21.
Qc1 Qh4 22. f4 exf4 23. Qxf4 Qxf4 24. Rxf4 f6 25. a4 Bd7 26. Raf1 a6 27.
bxa6 Bxa4 28. Nf5 b5 29. d6 Rad8 30. e5 fxe5 31. Ne7+ {Black resigns} 1-0

[Event "ICCopen2016"]
[Site "Internet Chess Club"]
[Date "2016.06.04"]
[Round "11"]
[White "danvenez"]
[Black "mrquinn"]
[Result "1-0"]
[ICCResult "Black forfeits on time"]
[WhiteElo "1523"]
[BlackElo "1353"]
[Opening "King's Indian: East Indian defense"]
[ECO "A48"]
[NIC "QP.06"]
[Time "15:54:04"]
[TimeControl "180+0"]

1. d4 Nf6 2. Nf3 g6 3. c3 Bg7 4. Bf4 d6 5. h4 Nh5 6. Bh2 O-O 7. Nbd2 Nd7 8.
e3 b6 9. Be2 Bb7 10. g4 Nhf6 11. Bg3 Nxg4 12. h5 g5 13. e4 h6 14. Nxg5 Ngf6
15. f3 e5 16. d5 Qc8 17. Qc2 Ba6 18. Bxa6 Qxa6 19. Nb3 Nc5 20. Nxc5 bxc5 21.
Qe2 Qb6 22. O-O-O Rab8 23. Rh2 a5 24. c4 a4 25. Qd3 Ra8 26. Qa3 Rfb8 27. Be1
c6 28. Bc3 cxd5 29. exd5 Qd8 30. Rg1 Qd7 31. Ne4 Qf5 32. Nxf6+ Qxf6 33. Rgg2
Qf4+ 34. Bd2 Qxc4+ 35. Qc3 Qf1+ 36. Kc2 a3 37. b3 c4 38. Bxh6 cxb3+ 39. axb3
a2 40. Rxg7+ Kf8 41. Rg1+ Ke8 42. Rxf1 a1=Q 43. Rxa1 Rc8 44. Qxc8+ Rxc8+ 45.
Kb2 Ke7 46. Rhh1 f6 47. Rhc1 f5 48. Rxc8 Kf6 49. Bg5+ {Black forfeits on
time} 1-0

[Event "ICCopen2016"]
[Site "Internet Chess Club"]
[Date "2016.06.04"]
[Round "11"]
[White "maly"]
[Black "Eros"]
[Result "0-1"]
[ICCResult "White checkmated"]
[WhiteElo "2476"]
[BlackElo "2750"]
[Opening "Grünfeld: modern exchange variation"]
[ECO "D85"]
[NIC "GI.04"]
[Time "15:54:29"]
[TimeControl "180+0"]

1. d4 Nf6 2. c4 g6 3. Nc3 d5 4. cxd5 Nxd5 5. e4 Nxc3 6. bxc3 Bg7 7. Nf3 c5
8. Be3 Qa5 9. Qd2 O-O 10. Rc1 cxd4 11. cxd4 Qxd2+ 12. Kxd2 Nc6 13. d5 Rd8
14. Ke1 Nb4 15. Bc4 b5 16. Bxb5 Nxa2 17. Rc7 Nc3 18. Bd3 e6 19. Bd4 Na4 20.
Bxg7 Kxg7 21. Bc4 Rd7 22. Rxd7 Bxd7 23. dxe6 Bxe6 24. Bxe6 fxe6 25. Ke2 a5
26. Ra1 Nb6 27. Kd3 Kf6 28. Ra3 g5 29. h3 h5 30. Kd4 Nd7 31. Nd2 Ne5 32. f3
Rd8+ 33. Ke3 Rxd2 34. Rxa5 Nc4# {White checkmated} 0-1

[Event "ICCopen2016"]
[Site "Internet Chess Club"]
[Date "2016.06.04"]
[Round "11"]
[White "AllGunsBlazing"]
[Black "Last7Samurai"]
[Result "1-0"]
[ICCResult "Black checkmated"]
[WhiteElo "2714"]
[BlackElo "2776"]
[Opening "QGD Slav defense: exchange variation"]
[ECO "D13"]
[NIC "SL.01"]
[Time "15:54:50"]
[TimeControl "180+0"]

1. d4 d5 2. c4 c6 3. cxd5 cxd5 4. Nc3 Nc6 5. Nf3 Nf6 6. Bf4 a6 7. e3 Bg4 8.
Be2 e6 9. O-O Bxf3 10. Bxf3 Bd6 11. Bg5 Be7 12. a3 h6 13. Bh4 O-O 14. b4 Nd7
15. Bg3 Rc8 16. Na4 b6 17. Qd3 b5 18. Nc5 Bxc5 19. bxc5 Re8 20. Bd6 Na5 21.
a4 Nc4 22. axb5 axb5 23. Bg3 Nb8 24. Rfb1 Qd7 25. Qb3 Nd2 26. Qxb5 Nxb1 27.
Rxb1 Qxb5 28. Rxb5 Nc6 29. Bd6 e5 30. dxe5 Nxe5 31. Bxd5 Red8 32. g3 Nd3 33.
Bb7 Nxc5 34. Rxc5 Rxc5 35. Bxc5 g6 36. Bd4 h5 37. Kg2 Rb8 38. Bd5 Rd8 39. e4
Re8 40. Kf3 Re7 41. Kf4 Rc7 42. Kg5 Kh7 43. Kf6 Rc2 44. Bxf7 h4 45. Bxg6+
Kg8 46. gxh4 Rd2 47. Be3 Rd1 48. e5 Rd8 49. e6 Kh8 50. e7 Ra8 51. e8=Q+ Rxe8
52. Bxe8 Kg8 53. Bg6 Kf8 54. Bc5+ Kg8 55. h5 Kh8 56. h6 Kg8 57. Bd6 Kh8 58.
Be7 Kg8 59. Bd6 Kh8 60. Be5 Kg8 61. h7+ Kh8 62. Kf7# {Black checkmated} 1-0

[Event "ICCopen2016"]
[Site "Internet Chess Club"]
[Date "2016.06.04"]
[Round "11"]
[White "awesome5123"]
[Black "Kjaan1974"]
[Result "0-1"]
[ICCResult "White checkmated"]
[WhiteElo "1614"]
[BlackElo "1456"]
[Opening "Philidor: exchange variation"]
[ECO "C41"]
[NIC "KP.08"]
[Time "15:54:03"]
[TimeControl "180+0"]

1. e4 e5 2. Nf3 d6 3. d4 exd4 4. Nxd4 h6 5. Nc3 Nf6 6. Be3 Be7 7. Qd2 c5 8.
Nb3 Nc6 9. Bb5 Bd7 10. O-O a6 11. Bxc6 Bxc6 12. a4 Bxe4 13. Nxe4 Nxe4 14.
Qd5 Nf6 15. Qxb7 O-O 16. Qf3 d5 17. Rad1 d4 18. c3 Qb6 19. Nxc5 dxe3 20. Nd7
exf2+ 21. Kh1 Nxd7 22. Rxd7 Bf6 23. Rxf2 Rad8 24. Rb7 Rd1+ 25. Qxd1 Qxb7 26.
Qg4 Kh8 27. Qh5 Bxc3 28. h3 Bxb2 29. Kh2 Qc7+ 30. g3 Bd4 31. Rf4 Qc2+ 32.
Kh1 Re8 33. Qxf7 Re1+ 34. Rf1 Qe4+ 35. Kh2 Re2+ 36. Rf2 Rxf2+ 37. Qxf2 Bxf2
38. h4 Qe3 39. g4 Qg3+ 40. Kh1 Qg1# {White checkmated} 0-1